Cogmind - Beta 15 @@@ ROGUE MODE // 2025.09.11 @ 13:46:05 Player: shapeshifter Result: Self-destructed Performance ------------- Evolutions (4) 2000 Regions Visited (11) 2200 Robots Destroyed (145) 725 Value Destroyed (6183) 6183 Prototype IDs (29) 580 Alien Tech Used (0) 0 Bonus (2199) 2199 TOTAL SCORE: 13887 Bonus ------- High Alert Combat Kills 919 Follower Combat Kills 80 Entered Garrisons 400 Entered DSFs 500 Aligned with FarCom 300 Cogmind --------- Core Integrity 495/850 Matter 16/300 Energy 100/100 System Corruption 7% Temperature Cool (0) Movement Walking (183) Ox1 Location -6/Factory Parts ------- > --- POWER (1) -------- (None) > --- PROPULSION (4) --- Flexi-carbon Leg Improved VSS Leg Improved VSS Leg > --- UTILITY (6) ------ Improved Cooling System High-capacity Storage Unit Modified TNC Transmission Jammer Improved Core Shielding > --- WEAPON (4) ------- Gauss Rifle Gauss Cannon Gauss Cannon Heavy Flak Cannon > --- INVENTORY (20) --- Light Fission Core Power Amplifier Advanced Cryofiber Web Improved Cooling System Improved Cooling System Large Storage Unit Energy Well (350) High-capacity Matter Pod (0) Improved Salvage Targeting Computer Advanced Targeting Computer Improved Core Shielding Improved Core Shielding Improved Light Armor Plating Graphene Brace Hacking Suite Hacking Suite Thief Drone Bay (3/3) Remote Datajack Deploy-a-Sentry Deploy-a-Sentry Peak State ------------ > --- POWER ------------ Micro Nuclear Core > --- PROPULSION ------- VSS Leg Improved VSS Leg Improved VSS Leg Improved VSS Leg > --- UTILITY ---------- Advanced Heat Sink High-capacity Storage Unit Modified TNC Armor Integrity Analyzer Transmission Jammer Improved Medium Armor Plating > --- WEAPON ----------- XL Autogun Subcomponent XL Autogun Subcomponent Gauss Cannon Gauss Cannon > --- INVENTORY -------- Light Deuterium Engine Advanced Cryofiber Web Advanced Cryofiber Web Improved Cooling System Improved Cooling System Improved Cooling System High-capacity Matter Pod Improved Salvage Targeting Computer Advanced Targeting Computer Improved Light Armor Plating Graphene Brace Hacking Suite Hacking Suite Thief Drone Bay Gauss Cannon Gauss Cannon Remote Datajack Deploy-a-Sentry Deploy-a-Sentry [Rating: 74] Favorites ----------- Power Heavy Deuterium Engine Engine Heavy Deuterium Engine Power Core Micro Nuclear Core Propulsion Improved Carbon-fiber Leg Treads Light Treads Leg Improved Carbon-fiber Leg Wheel Armored Wheel Utility High-capacity Storage Unit Device Transmission Jammer Storage High-capacity Storage Unit Processor Advanced Targeting Computer Protection Improved Light Armor Plating Weapon Assault Cannon Energy Gun Heavy EM Shotgun Energy Cannon Light EM Pulse Cannon Ballistic Gun Light Assault Rifle Ballistic Cannon Assault Cannon Launcher Advanced EMP Blaster Build | -11 -10 -10 -10 -9 -8 -8 -8 -8 -7 -7 -6 ------- Run | Yrd Mat Min Exi Min Mat Gar Mat Gar Fac DSF Fac Slots Evolved 8 | . . . . . 4 . . . 2 . 2 Power . | . . . . . . . . . . . . Propulsion 2 | . . . . . . . . . 2 . . Utility 4 | . . . . . 2 . . . . . 2 Weapon 2 | . . . . . 2 . . . . . . Parts Attached 89 | 7 1 1 1 3 27 5 8 4 3 8 21 Power 11 | 1 . . 1 1 4 . 1 . 1 . 2 Engine 10 | 1 . . 1 1 4 . 1 . 1 . 1 Core 1 | . . . . . . . . . . . 1 Reactor . | . . . . . . . . . . . . Propulsion 22 | 2 . . . . 6 2 2 . . 5 5 Treads 4 | 2 . . . . 2 . . . . . . Leg 14 | . . . . . 2 2 . . . 5 5 Wheel 4 | . . . . . 2 . 2 . . . . Hover . | . . . . . . . . . . . . Flight . | . . . . . . . . . . . . Utility 26 | 2 1 1 . . 8 1 1 . 2 3 7 Device 10 | 1 . 1 . . 3 . . . 1 2 2 Storage 3 | 1 1 . . . 1 . . . . . . Processor 5 | . . . . . 1 1 . . . . 3 Hackware . | . . . . . . . . . . . . Protection 8 | . . . . . 3 . 1 . 1 1 2 Artifact . | . . . . . . . . . . . . Weapon 30 | 2 . . . 2 9 2 4 4 . . 7 Energy Gun 1 | . . . . . 1 . . . . . . Energy Cannon 2 | . . . . . 2 . . . . . . Ballistic Gun 17 | 2 . . . 2 2 2 4 4 . . 1 Ballistic Cannon 9 | . . . . . 3 . . . . . 6 Launcher 1 | . . . . . 1 . . . . . . Special Weapon . | . . . . . . . . . . . . Impact Weapon . | . . . . . . . . . . . . Slashing Weapon . | . . . . . . . . . . . . Piercing Weapon . | . . . . . . . . . . . . Special Melee Weapon . | . . . . . . . . . . . . Unidentified Prototypes 6 | . . 1 . . 3 . 1 1 . . . Parts Lost 32 | . . . . 5 1 4 1 2 . 3 16 Power 5 | . . . . 1 . . 1 . . . 3 Propulsion 7 | . . . . 2 . . . . . 2 3 Utility 6 | . . . . 1 . . . 1 . 1 3 Weapon 14 | . . . . 1 1 4 . 1 . . 7 Highest Loss Streak 5 | . . . . 5 1 2 1 2 . 1 4 To Critical Strikes . | . . . . . . . . . . . . Average Backups 12 | 2 4 5 9 9 11 14 15 13 13 16 17 Power 1 | . 1 1 3 3 1 2 1 1 1 1 . Propulsion . | 1 2 2 1 . . 1 1 1 1 . . Utility 7 | . 1 2 3 5 6 5 9 11 11 12 14 Weapon 2 | . . . . 1 3 4 3 . . 2 . Tool/Special . | . . . . . . . . . . . . Unused Backups 38 | . . . 4 . 8 . 4 . . 4 18 Power 5 | . . . . . 4 . . . . . 1 Propulsion 5 | . . . 2 . 1 . . . . 1 1 Utility 22 | . . . 2 . 2 . . . . 3 15 Weapon 5 | . . . . . 1 . 4 . . . . Tool/Special 1 | . . . . . . . . . . . 1 Average Slot Usage (%) 89 | . 100 100 100 68 90 90 75 92 78 83 94 Engine 8 | . 14 14 14 12 8 9 8 9 7 7 3 Treads 6 | . 28 28 28 9 8 . . . . . . Leg 9 | . . . . . 4 18 11 . . 8 23 Wheel 2 | . . . . . 1 . 6 18 15 6 . Device 13 | . 14 14 14 5 14 17 9 9 7 10 13 Storage 9 | . 14 14 14 14 9 9 9 9 7 7 6 Processor 3 | . . . . . 2 . 9 9 7 2 10 Protection 6 | . . . . . 8 9 9 5 2 7 7 Ballistic Gun 18 | . 28 28 28 27 19 9 13 31 30 30 5 Ballistic Cannon 9 | . . . . . 10 17 . . . . 18 Peak Build Rating 74 | 7 7 13 15 15 48 68 68 60 51 61 74 Average Rating 40 | 5 7 7 10 12 35 48 62 49 48 53 65 On Entrance 31 | . 7 7 8 15 12 48 68 51 47 51 61 Naked Turns . | . . . . . . . . . . . . Heaviest Build 87 | 12 27 27 29 29 75 75 76 76 75 76 87 Greatest Support 63 | 40 40 40 40 40 42 38 36 24 24 52 63 Greatest Overweight (x) 25 | . . . . 8 8 2 23 5 3 25 2 Average Overweight (x) 1 | . . . . 2 1 1 1 2 2 3 1 Largest Inventory Capacity 20 | 8 15 15 15 15 20 20 20 20 20 20 20 Average Capacity 18 | 7 13 15 15 15 17 20 20 20 20 20 20 Most Carried 20 | 5 5 6 15 15 20 20 20 20 18 20 20 Average Carried 16 | 2 4 5 10 15 17 19 18 18 15 19 19 Final Capacity 20 | 8 15 15 15 15 20 20 20 20 20 20 20 Final Carried 20 | 3 5 6 15 15 20 18 20 15 17 20 20 Class Distribution -------------------- 37% | Skirmisher 29% | Mutant 14% | Tank 10% | Gunner 4% | Scavenger-Gunner Dominant Class ---------------- Mutant | -10/Materials Mutant | -10/Mines Mutant | -10/Exiles Mutant | -9/Mines Skirmisher | -8/Materials Skirmisher | -8/Garrison Skirmisher | -8/Materials Skirmisher | -8/Garrison Gunner | -7/Factory Gunner | -7/DSF Tank | -6/Factory Resources | -11 -10 -10 -10 -9 -8 -8 -8 -8 -7 -7 -6 ----------- Run | Yrd Mat Min Exi Min Mat Gar Mat Gar Fac DSF Fac Matter Collected 4850 | 306 65 . 273 107 979 890 788 348 . 519 575 Remotely . | . . . . . . . . . . . . Salvage Created 5451 | 133 65 . . 202 1679 903 822 476 . 536 635 Parts 319 | 11 6 . . 15 90 59 55 21 . 29 33 Haulers Intercepted 8 | . 1 . . . 3 . 3 . . . 1 Recyclers Shooed 7 | 1 . . . . 2 . . . . . 4 Parts Field Recycled . | . . . . . . . . . . . . Retrieved Matter . | . . . . . . . . . . . . Parts Self-Destructed . | . . . . . . . . . . . . Prevented . | . . . . . . . . . . . . Kills | -11 -10 -10 -10 -9 -8 -8 -8 -8 -7 -7 -6 ------- Run | Yrd Mat Min Exi Min Mat Gar Mat Gar Fac DSF Fac Combat Hostiles Destroyed 109 | . . . . 7 26 28 13 14 . 8 13 Guns 72 | . . . . 7 19 6 13 14 . 8 5 Cannons 36 | . . . . . 7 22 . . . . 7 AOE 1 | . . . . . . . . . . . 1 Classes Destroyed 16 | 2 2 . . 3 4 1 1 2 . . 1 Worker 6 | . . . . . 5 . . . . . 1 Builder 6 | . 1 . . 1 2 . 1 . . . 1 Tunneler 4 | 2 . . . . 1 . . . . . 1 Hauler 8 | . 1 . . . 3 . 3 . . . 1 Recycler 3 | 1 . . . . 2 . . . . . . Operator 1 | . . . . . . . . . . . 1 Watcher 8 | . . . . . 4 . 3 . . . 1 Swarmer 27 | . . . . 4 8 7 2 6 . . . Grunt 49 | . . . . 2 10 15 8 3 . 3 8 Brawler 2 | . . . . . . . . 2 . . . Duelist 2 | . . . . 1 . 1 . . . . . Sentry 13 | . . . . . 6 4 1 . . . 2 Specialist 6 | . . . . . . 1 . . . 5 . Hunter 4 | . . . . . 2 . 1 . . . 1 Programmer 5 | . . . . . . . . 3 . . 2 Heavy 1 | . . . . . . . 1 . . . . Best Kill Streak 9 | 2 2 . . 3 7 6 6 9 . 5 3 Combat Bots Only 9 | . . . . 3 5 6 5 9 . 5 3 Max Kills in Single Turn 4 | 1 1 . . 1 4 2 2 1 . 1 1 Gunslinging 1 | . . . . . 1 . . . . . . Exploded 1 | . . . . . . . . . . . 1 Melee . | . . . . . . . . . . . . Uniques/NPCs Destroyed . | . . . . . . . . . . . . Combat | -11 -10 -10 -10 -9 -8 -8 -8 -8 -7 -7 -6 -------- Run | Yrd Mat Min Exi Min Mat Gar Mat Gar Fac DSF Fac Hostile Shots Fired 920 | . 6 . . 74 132 111 32 173 . 68 324 Missed 281 | . . . . 20 39 33 11 49 . 29 100 Hits 639 | . 6 . . 54 93 78 21 124 . 39 224 Melee 5 | . . . . 5 . . . . . . . Projectile 634 | . 6 . . 49 93 78 21 124 . 39 224 AOE 1 | . . . . . . . . . . . 1 Critical Strikes 16 | . . . . . 6 3 . 5 . 1 1 Part Disruptions 2 | . . . . . . . . 2 . . . Damage Taken 8564 | . 65 . . 616 1299 986 433 1307 . 741 3117 Core 1032 | . . . . 129 236 121 14 177 . . 355 Absorbed by Shields 43 | . . . . . . . . 43 . . . Redirected to Shielding 32 | . . . . . . . . . . . 32 Core Remaining (%) 62 | 100 . . . 48 . . . . . 100 . Volleys Fired 373 | 9 2 . . 31 88 80 40 33 . 17 73 Largest 4 | 2 2 . . 2 4 4 4 4 . 4 4 Hottest 164 | 40 40 . . 40 152 139 112 112 . 80 164 Shots Fired 983 | 18 4 . . 56 290 219 61 100 . 68 167 Gun 733 | 18 4 . . 56 252 83 61 100 . 68 91 Cannon 250 | . . . . . 38 136 . . . . 76 Launcher . | . . . . . . . . . . . . Special . | . . . . . . . . . . . . Kinetic 979 | 18 4 . . 56 286 219 61 100 . 68 167 Thermal . | . . . . . . . . . . . . Explosive . | . . . . . . . . . . . . Electromagnetic 4 | . . . . . 4 . . . . . . Robot Hit Streak 29 | 3 5 . . 6 12 21 15 29 . 4 9 Robot Miss Streak 10 | 1 . . . 4 5 10 5 4 . 5 4 Penetration Max 1 | . . . . . 1 1 . . . . 1 Secondary Targets 12 | . . . . 2 4 . . 4 . 1 1 Max Gunslinging Chain 2 | . . . . 1 2 . . 1 . 1 1 Shots Hit Robots 531 | 12 2 . . 34 173 80 50 66 . 34 80 Core Hits 256 | 6 2 . . 15 83 43 32 22 . 13 40 Critical Kills 1 | . . . . . 1 . . . . . . Critical Parts Destroyed . | . . . . . . . . . . . . Critical Strikes 11 | . . . . . 1 1 . . . . 9 Destroy 1 | . . . . . 1 . . . . . . Blast 10 | . . . . . . 1 . . . . 9 Melee Attacks . | . . . . . . . . . . . . Impact . | . . . . . . . . . . . . Slashing . | . . . . . . . . . . . . Piercing . | . . . . . . . . . . . . Sneak Attacks . | . . . . . . . . . . . . Combat Hostiles . | . . . . . . . . . . . . Follow-up Attacks . | . . . . . . . . . . . . Damage Inflicted 11829 | 121 27 . . 328 2545 2046 2183 1603 . 880 2096 Guns 8718 | 121 27 . . 328 2005 705 2183 1596 . 874 879 Cannons 3006 | . . . . . 540 1341 . . . . 1125 Explosions . | . . . . . . . . . . . . Melee . | . . . . . . . . . . . . Ramming 105 | . . . . . . . . 7 . 6 92 Kinetic 11629 | 121 27 . . 328 2450 2046 2183 1596 . 874 2004 Thermal . | . . . . . . . . . . . . Explosive . | . . . . . . . . . . . . Electromagnetic 95 | . . . . . 95 . . . . . . Impact . | . . . . . . . . . . . . Slashing . | . . . . . . . . . . . . Piercing . | . . . . . . . . . . . . Highest Corruption 7 | . . . . . . . . 4 . . 7 Average Corruption 3 | . . . . . . . . 3 . . 3 Corruption Purged . | . . . . . . . . . . . . Corruption Blocked . | . . . . . . . . . . . . Effects 22 | . . . . . . . . 6 . . 16 Message Errors 5 | . . . . . . . . 1 . . 4 Matter Fused 7 | . . . . . . . . 1 . . 6 Heat Flow Errors 3 | . . . . . . . . 1 . . 2 Energy Discharges 4 | . . . . . . . . 2 . . 2 Parts Rejected 1 | . . . . . . . . 1 . . . Data Loss (major) 1 | . . . . . . . . . . . 1 Misfires 1 | . . . . . . . . . . . 1 Overload Shots . | . . . . . . . . . . . . Overflow Damage 68 | . . . . . 9 17 . . . . 42 Projectiles 68 | . . . . . 9 17 . . . . 42 Explosions . | . . . . . . . . . . . . Melee . | . . . . . . . . . . . . Knockbacks 20 | . . . . . 5 7 . . . . 8 Impact 1 | . . . . . . . . . . . 1 Kinetic 18 | . . . . . 4 7 . . . . 7 Secondary 1 | . . . . . 1 . . . . . . Self-Inflicted Damage 5 | . . . . . . . . 3 . 2 . Shots . | . . . . . . . . . . . . Rammed 3 | . . . . . . . . 1 . 2 . Targets Rammed 29 | . . . . . . . . 1 . 2 26 Kicked 26 | . . . . . . . . . . . 26 Crushed . | . . . . . . . . . . . . Highest Temperature 485 | . . . . 18 59 237 275 485 . 248 185 Average Temperature 75 | . . . . 9 21 54 75 134 . 78 50 Received Heat Transfer 2229 | . 36 . . 108 504 414 72 177 . 72 846 Effects 1 | . . . . . . . . 1 . . . Shutdowns 1 | . . . . . . . . 1 . . . Siege Activations . | . . . . . . . . . . . . Martial Activations . | . . . . . . . . . . . . Shielding Activations . | . . . . . . . . . . . . Robots Disrupted . | . . . . . . . . . . . . Combat Hostiles . | . . . . . . . . . . . . Robots Corrupted . | . . . . . . . . . . . . Combat Hostiles . | . . . . . . . . . . . . Parts Fried . | . . . . . . . . . . . . Impact Corruptions . | . . . . . . . . . . . . Robots Melted . | . . . . . . . . . . . . Combat Hostiles . | . . . . . . . . . . . . Parts Melted . | . . . . . . . . . . . . Heat Transferred . | . . . . . . . . . . . . Parts Sabotaged . | . . . . . . . . . . . . Parts Stolen . | . . . . . . . . . . . . Parts Stripped . | . . . . . . . . . . . . Power Chain Reactions . | . . . . . . . . . . . . Alert | -11 -10 -10 -10 -9 -8 -8 -8 -8 -7 -7 -6 ------- Run | Yrd Mat Min Exi Min Mat Gar Mat Gar Fac DSF Fac Maximum Alert Level 4 | . . . . . 2 4 3 4 2 2 1 Low Security (%) 43 | 100 100 100 . 100 43 . . . . . 76 Level 1 15 | . . . . . 21 18 . . . 34 23 Level 2 23 | . . . . . 35 24 41 24 100 65 . Level 3 14 | . . . . . . 44 58 51 . . . Level 4 3 | . . . . . . 12 . 24 . . . Level 5 . | . . . . . . . . . . . . High Security . | . . . . . . . . . . . . Max Security . | . . . . . . . . . . . . Sterilizations 1 | . . . . . . . . . . 1 . Peak Influence 1259 | 5 12 . . 70 454 1259 963 1215 637 609 319 Initial 637 | . . . . . . 263 613 622 637 389 319 Average 356 | . . . . 12 221 743 746 912 596 496 139 Influence Increases 3896 | 15 12 . . 165 821 1056 561 613 . 250 403 Destroy 0b10 Robot/C 2260 | . . . . 140 520 560 260 360 . 160 260 Destroy 0b10 Robot/NC 180 | 15 10 . . 5 85 . 35 . . . 30 Destroy Leader 392 | . 2 . . 20 134 30 92 30 . 30 54 Allied During Kill 10 | . . . . . . 2 . 8 . . . Successful Hack 72 | . . . . . 25 14 3 14 . . 16 Disable Machine 210 | . . . . . 15 75 105 . . 15 . Anti-Garrison Action 450 | . . . . . . 300 . 150 . . . Destroy Structure 217 | . . . . . 12 60 66 51 . . 28 Lose Combat Pursuer 105 | . . . . . 30 15 . . . 45 15 Influence Decreases 3880 | 15 12 . . 165 416 202 862 356 658 198 996 Entered New Map 2160 | . . . . . . 142 646 336 578 168 290 Time Decay 1380 | 15 12 . . 115 406 . 206 . 80 . 546 Lost Part 320 | . . . . 50 10 40 10 20 . 30 160 Lost Ally 20 | . . . . . . 20 . . . . . Squads Dispatched 10 | . . . . . . . 4 . . 2 4 Investigation 1 | . . . . . . . 1 . . . . Extermination 2 | . . . . . . . . . . . 2 Reinforcement 6 | . . . . . . . 2 . . 2 2 Assault . | . . . . . . . . . . . . Garrison 1 | . . . . . . . 1 . . . . Intercept . | . . . . . . . . . . . . Searches Triggered . | . . . . . . . . . . . . Construction Impeded . | . . . . . . . . . . . . Haulers Reinforced 1 | . . . . . . . . . . . 1 Active Scanning Responses . | . . . . . . . . . . . . Cargo Convoy Interrupts . | . . . . . . . . . . . . Stealth | -11 -10 -10 -10 -9 -8 -8 -8 -8 -7 -7 -6 --------- Run | Yrd Mat Min Exi Min Mat Gar Mat Gar Fac DSF Fac Distress Signals 5 | . 1 . . . 3 . 1 . . . . Communications Jammed 53 | . . . . . 21 . . . . . 32 Distress Signals 53 | . . . . . 21 . . . . . 32 Times Spotted 153 | . 3 . . 7 43 29 17 17 . 11 26 Peak Tracking Total 9 | . 3 . . 4 9 6 3 8 . 5 3 Tactical Retreats 7 | . . . . . 2 1 . . . 3 1 Traps | -11 -10 -10 -10 -9 -8 -8 -8 -8 -7 -7 -6 ------- Run | Yrd Mat Min Exi Min Mat Gar Mat Gar Fac DSF Fac Traps Triggered 20 | . . . . . . 8 1 3 1 1 6 Indirectly . | . . . . . . . . . . . . Trap Hack Attempts . | . . . . . . . . . . . . Triggered . | . . . . . . . . . . . . Disarmed . | . . . . . . . . . . . . Reprogrammed . | . . . . . . . . . . . . Reused . | . . . . . . . . . . . . Traps Extracted . | . . . . . . . . . . . . Installed . | . . . . . . . . . . . . Triggered . | . . . . . . . . . . . . Machines | -11 -10 -10 -10 -9 -8 -8 -8 -8 -7 -7 -6 ---------- Run | Yrd Mat Min Exi Min Mat Gar Mat Gar Fac DSF Fac Machines Disabled 24 | . . . . . 1 10 7 5 . 1 . Max in Single Turn 3 | . . . . . 1 1 3 3 . 1 . Garrison Relay 6 | . . . . . . 4 . 2 . . . Phase Generator 1 | . . . . . . . . 1 . . . Machines Repaired . | . . . . . . . . . . . . Machines Dismantled . | . . . . . . . . . . . . Machines Sabotaged . | . . . . . . . . . . . . Overloaded Fab Kills . | . . . . . . . . . . . . Hacking | -11 -10 -10 -10 -9 -8 -8 -8 -8 -7 -7 -6 --------- Run | Yrd Mat Min Exi Min Mat Gar Mat Gar Fac DSF Fac Machines Accessed 20 | . . 1 2 . 10 1 2 1 1 . 2 Terminals 14 | . . . . . 9 1 1 1 1 . 1 Fabricators 1 | . . . . . . . . . . . 1 Repair Stations . | . . . . . . . . . . . . Recycling Units . | . . . . . . . . . . . . Scanalyzers . | . . . . . . . . . . . . Garrison Access 2 | . . . . . 1 . 1 . . . . Total Hacks 36 | . . 1 2 . 25 1 3 1 1 . 2 Successful 23 | . . 1 2 . 12 1 3 1 1 . 2 Failed 13 | . . . . . 13 . . . . . . Catastrophic 3 | . . . . . 3 . . . . . . Database Lockouts . | . . . . . . . . . . . . Manual 21 | . . . 1 . 18 . 2 . . . . Terminals 30 | . . . . . 24 1 2 1 1 . 1 Fabricators 1 | . . . . . . . . . . . 1 Repair Stations . | . . . . . . . . . . . . Recycling Units . | . . . . . . . . . . . . Scanalyzers . | . . . . . . . . . . . . Garrison Access 2 | . . . . . 1 . 1 . . . . Terminal Hacks 7 | . . 1 2 . . 1 . 1 1 . 1 Record 1 | . . . 1 . . . . . . . . Open Door 1 | . . 1 . . . . . . . . . Open DSF 1 | . . . . . . . . . 1 . . Branch Access Points 1 | . . . . . . . . . . . 1 Emergency Access Points 1 | . . . . . . 1 . . . . . Patrol Navigation 1 | . . . . . . . . 1 . . . Proto ID Catalog 1 | . . . 1 . . . . . . . . Fabricator Hacks 1 | . . . . . . . . . . . 1 Build 1 | . . . . . . . . . . . 1 Repair Station Hacks . | . . . . . . . . . . . . Recycling Unit Hacks . | . . . . . . . . . . . . Scanalyzer . | . . . . . . . . . . . . Garrison Access Hacks 2 | . . . . . 1 . 1 . . . . Unlock Access 2 | . . . . . 1 . 1 . . . . Unauthorized Hacks 13 | . . . . . 11 . 2 . . . . Terminals 13 | . . . . . 11 . 2 . . . . Botnet 6 | . . . . . 5 . 1 . . . . Skim 7 | . . . . . 6 . 1 . . . . Fabricators . | . . . . . . . . . . . . Repair Stations . | . . . . . . . . . . . . Recycling Units . | . . . . . . . . . . . . Scanalyzers . | . . . . . . . . . . . . Garrison Access . | . . . . . . . . . . . . Data Cores Recovered . | . . . . . . . . . . . . Used . | . . . . . . . . . . . . Hacking Detections 11 | . . . . . 9 1 1 . . . . Full Trace Events . | . . . . . . . . . . . . Feedback Events . | . . . . . . . . . . . . Feedback Blocked . | . . . . . . . . . . . . Robot Schematics Acquired . | . . . . . . . . . . . . Robots Built . | . . . . . . . . . . . . Authchips . | . . . . . . . . . . . . Time . | . . . . . . . . . . . . Total Robot Build Rating . | . . . . . . . . . . . . Part Schematics Acquired . | . . . . . . . . . . . . Parts Built 2 | . . . . . . . . . . . 2 Authchips . | . . . . . . . . . . . . Time 117 | . . . . . . . . . . . 117 Total Part Build Rating 14 | . . . . . . . . . . . 14 Parts Repaired . | . . . . . . . . . . . . Time . | . . . . . . . . . . . . Parts Recycled . | . . . . . . . . . . . . Recycled Matter . | . . . . . . . . . . . . Retrieved Matter . | . . . . . . . . . . . . Retrieved Components . | . . . . . . . . . . . . Parts Scanalyzed . | . . . . . . . . . . . . Part Schematics Acquired . | . . . . . . . . . . . . Parts Damaged . | . . . . . . . . . . . . Bothacking | -11 -10 -10 -10 -9 -8 -8 -8 -8 -7 -7 -6 ------------ Run | Yrd Mat Min Exi Min Mat Gar Mat Gar Fac DSF Fac Used RIF Installer . | . . . . . . . . . . . . Robots Hacked . | . . . . . . . . . . . . Non-combat . | . . . . . . . . . . . . Combat . | . . . . . . . . . . . . Robot Hacks Applied . | . . . . . . . . . . . . Relay Couplers Released 23 | . . . . . . 17 . 6 . . . Machine Destruction 23 | . . . . . . 17 . 6 . . . Fabnet Peak Effective % . | . . . . . . . . . . . . Robots Rewired 1 | . . . . . . 1 . . . . . Allies Hacked . | . . . . . . . . . . . . Hacks Repelled . | . . . . . . . . . . . . Allies | -11 -10 -10 -10 -9 -8 -8 -8 -8 -7 -7 -6 -------- Run | Yrd Mat Min Exi Min Mat Gar Mat Gar Fac DSF Fac Total Allies 1 | . . . . . . 1 . . . . . Largest Group 1 | . . . . . . 1 . . . . . Highest-Rated Group 16 | . . . . . . 16 . . . . . Highest-Rated Ally 16 | . . . . . . 16 . . . . . Initial Warlord ECA Mod 55 | . . . . . . . 8 8 10 10 19 Total Orders . | . . . . . . . . . . . . Ally Attacks 10 | . . . . . . 3 . 7 . . . Total Damage 379 | . . . . . . 16 . 363 . . . Kills 4 | . . . . . . . . 4 . . . Allies Corrupted . | . . . . . . . . . . . . Allies Melted . | . . . . . . . . . . . . Turrets Deployed 1 | . . . . . . . . 1 . . . Intel | -11 -10 -10 -10 -9 -8 -8 -8 -8 -7 -7 -6 ------- Run | Yrd Mat Min Exi Min Mat Gar Mat Gar Fac DSF Fac Active Infowar (turns) 6859 | 14 188 422 582 204 1466 1542 202 515 157 . 1567 Sensors 548 | . . . . . 548 . . . . . . Seismic 1410 | 14 188 422 582 204 . . . . . . . T.N.C. 1177 | . . . . . . . . . . . 1177 Jamming 4301 | . . . . . 918 1542 202 515 157 . 967 Robot Analysis Total . | . . . . . . . . . . . . Derelict Logs Recovered 2 | . . 1 . 1 . . . . . . . Drone Launches . | . . . . . . . . . . . . Drone Recoveries . | . . . . . . . . . . . . Exploration | -11 -10 -10 -10 -9 -8 -8 -8 -8 -7 -7 -6 ------------- Run | Yrd Mat Min Exi Min Mat Gar Mat Gar Fac DSF Fac Turns Passed 8884 | 196 188 423 582 556 2372 1542 432 516 179 330 1568 Spaces Moved 3753 | 112 105 202 355 119 804 623 202 269 138 154 670 Core 141 | 22 . . . 37 80 . 1 . . 1 . Treads 1239 | 90 105 202 355 82 405 . . . . . . Legs 1574 | . . . . . 112 623 115 . . 54 670 Wheels 799 | . . . . . 207 . 86 269 138 99 . Hover . | . . . . . . . . . . . . Flight . | . . . . . . . . . . . . Fastest Speed 50 | 50 160 160 160 160 95 190 120 120 120 135 180 Average Speed 181 | 138 160 160 160 245 215 195 165 128 121 174 183 Slowest Speed 1300 | 160 160 160 160 450 450 260 1200 165 135 1300 270 Overloaded Moves . | . . . . . . . . . . . . Propulsion Burnouts . | . . . . . . . . . . . . Robots Hopped . | . . . . . . . . . . . . Potential Cave-ins . | . . . . . . . . . . . . Cave-ins Triggered . | . . . . . . . . . . . . Exploration Rate (%) 39 | 6 20 34 68 26 65 85 30 39 5 84 10 Regions Visited 11 Branch Regions 3 Pre-discovered Areas 6 | . . . 1 . 5 . . . . . . Known Exits Taken 3 | . . . . . 1 . 1 . 1 . . Unknown Exits Taken 5 | 1 1 1 1 1 . . . . . . . Scrap Searched 1 | . . . . 1 . . . . . . . Spaces Dug . | . . . . . . . . . . . . Terrain Destroyed 175 | . . . . . 10 3 66 68 . . 28 Melee . | . . . . . . . . . . . . Projectile 62 | . . . . . 10 3 21 . . . 28 AOE 113 | . . . . . . . 45 68 . . . Terrain Rammed . | . . . . . . . . . . . . Walls Destroyed . | . . . . . . . . . . . . Machines Disabled . | . . . . . . . . . . . . Actions | -11 -10 -10 -10 -9 -8 -8 -8 -8 -7 -7 -6 --------- Run | Yrd Mat Min Exi Min Mat Gar Mat Gar Fac DSF Fac Total 5266 | 137 122 301 371 336 1272 801 286 380 150 209 901 Wait 762 | . 11 97 . 183 297 34 14 42 3 7 74 Move 3742 | 111 104 201 354 118 803 622 201 268 137 153 670 Hop . | . . . . . . . . . . . . Pick Up 103 | 10 3 1 11 . 27 5 11 5 5 10 15 Fast Attach 29 | . . . . 2 12 1 1 . . 5 8 Attach 53 | 7 . . . . 10 4 8 6 3 3 12 Detach 3 | . . . . . 2 . 1 . . . . Swap 16 | . 1 2 1 1 7 1 1 . . 1 1 Drop 66 | . 1 . 5 1 26 5 9 4 2 6 7 Fire 373 | 9 2 . . 31 88 80 40 33 . 17 73 Melee . | . . . . . . . . . . . . Ram 3 | . . . . . . . . 1 . 2 . Kick 26 | . . . . . . . . . . . 26 Crush . | . . . . . . . . . . . . Escape Stasis 71 | . . . . . . 30 . 21 . 5 15 Rewire 19 | . . . . . . 19 . . . . . Trap . | . . . . . . . . . . . . Miscellaneous . | . . . . . . . . . . . . Route ------- -11/Scrapyard -10/Materials -10/Mines -10/Exiles -9/Mines -8/Materials (discovered 3 exits: *Fac x2 / Gar) -8/Garrison (discovered 3 exits: *Mat x3) -8/Materials -8/Garrison -7/Factory -7/DSF -6/Factory (discovered 2 exits: Low x2) History --------- Turn | Location | Event 9 | -11/Scrapyard | Discovered new exit (range 13) 197 | -11/Scrapyard | Entered Materials 318 | -10/Materials | Build established: Mutant 366 | -10/Materials | Discovered new exit (range 13) 385 | -10/Materials | Entered Mines 393 | -10/Mines | Found the Drone Emporium 400 | -10/Mines | Found Prototype Device 452 | -10/Mines | Learned 2 Materials zone layouts 473 | -10/Mines | Deemed a non-threat by the Exiles lab entrance 582 | -10/Mines | Discovered new exit (range 5) 587 | -10/Mines | Identified Thief Drone Bay 808 | -10/Mines | Entered Exiles 851 | -10/Exiles | Met 8R-AWN 877 | -10/Exiles | Met EX-HEX 960 | -10/Exiles | Met EX-DEC 987 | -10/Exiles | Learned location of Zion (-7) 1143 | -10/Exiles | Met EX-BIN 1166 | -10/Exiles | Aligned with FarCom system 1167 | -10/Exiles | Given EX-Vault access code 1204 | -10/Exiles | Opened EX-Vault 1217 | -10/Exiles | Found Modified TNC 1221 | -10/Exiles | Found XL Autogun Array 1230 | -10/Exiles | Found Deploy-a-Sentry 1233 | -10/Exiles | Found Deploy-a-Sentry 1235 | -10/Exiles | Found Deploy-a-Sentry 1268 | -10/Exiles | Warned to stay clear of 0b10 Research branches 1367 | -10/Exiles | Discovered new exit (range 14) 1390 | -10/Exiles | Stole three prototypes: Modified TNC, XL Autogun Array, Deploy-a-Sentry 1390 | -10/Exiles | Entered Mines 1400 | -9/Mines | Met a Derelict bent on vengeance 1546 | -9/Mines | Discovered new exit (range 14) 1591 | -9/Mines | Core integrity fell below 50% 1596 | -9/Mines | Learned location of 1 exit from Materials 1625 | -9/Mines | Lost 5 parts (1p2n1u1w) 1946 | -9/Mines | Entered Materials 1946 | -8/Materials | Evolved 4 slots: Utility x2, Weapon x2 1947 | -8/Materials | Identified exit to Factory 2975 | -8/Materials | Build established: Tank 3681 | -8/Materials | Build established: Skirmisher 3862 | -8/Materials | Identified exit to Garrison 3913 | -8/Materials | Learned Factory emergency access door positions 3985 | -8/Materials | Learned Factory stockpile data 4023 | -8/Materials | Discovered exit to Factory (range 5) 4049 | -8/Materials | Learned location of Lower Caves (-7) 4184 | -8/Materials | Learned location of 1 exit from Lower Caves 4318 | -8/Materials | Entered Garrison 4364 | -8/Garrison | Triggered checkpoint 4521 | -8/Garrison | Garrison Relay disabled 4702 | -8/Garrison | Triggered checkpoint 4940 | -8/Garrison | Triggered checkpoint 4941 | -8/Garrison | Garrison Relay disabled 4981 | -8/Garrison | Core integrity fell below 50% 4987 | -8/Garrison | Triggered checkpoint 5019 | -8/Garrison | Discovered new exit (range 15) 5232 | -8/Garrison | Triggered checkpoint 5268 | -8/Garrison | Triggered checkpoint 5382 | -8/Garrison | Discovered new exit (range 9) 5456 | -8/Garrison | Garrison Relay disabled 5560 | -8/Garrison | Build established: Mutant 5606 | -8/Garrison | Discovered new exit (range 7) 5658 | -8/Garrison | Triggered checkpoint 5800 | -8/Garrison | Garrison Relay disabled 5860 | -8/Garrison | Entered Materials 5975 | -8/Materials | Build established: Skirmisher 6242 | -8/Materials | Garrison activated, responded to threat 6288 | -8/Materials | Identified exit to Garrison 6292 | -8/Materials | Entered Garrison 6417 | -8/Garrison | Phase Generator disabled 6477 | -8/Garrison | Triggered checkpoint 6532 | -8/Garrison | Garrison Relay disabled 6590 | -8/Garrison | Triggered checkpoint 6604 | -8/Garrison | Core integrity fell below 20% 6619 | -8/Garrison | Triggered checkpoint 6662 | -8/Garrison | Destroyed 9 combat bots 6681 | -8/Garrison | DAS Turret deployed 6738 | -8/Garrison | Discovered exit to Factory (range 10) 6762 | -8/Garrison | Garrison Relay disabled 6808 | -8/Garrison | Entered Factory 6808 | -7/Factory | Evolved 2 slots: Propulsion x2 6810 | -7/Factory | FarCom data flow suspended 6987 | -7/Factory | Identified exit to DSF 6987 | -7/Factory | Entered DSF 7036 | -7/DSF | Additional patrols routed to DSF 7125 | -7/DSF | Build established: Gunner 7195 | -7/DSF | Sterilization system engaged 7215 | -7/DSF | Ambient heat levels rising (+10) 7216 | -7/DSF | Discovered new exit (range 16) 7230 | -7/DSF | Ambient heat levels rising (+10) 7245 | -7/DSF | Ambient heat levels rising (+10) 7260 | -7/DSF | Ambient heat levels rising (+10) 7275 | -7/DSF | Ambient heat levels rising (+10) 7290 | -7/DSF | Ambient heat levels rising (+10) 7305 | -7/DSF | Ambient heat levels rising (+10) 7317 | -7/DSF | Entered Factory 7317 | -6/Factory | Evolved 2 slots: Utility x2 7420 | -6/Factory | Lost 4 parts (1p1u2w) 7551 | -6/Factory | Fabricated Adv. Cryofiber Web (x2) 7965 | -6/Factory | Lost 4 parts (1p3w) 8182 | -6/Factory | Identified exit to Lower Caves 8607 | -6/Factory | Build established: Tank 8885 | -6/Factory | Self-destructed Last Messages --------------- 08741_ Imp. Carbon-fiber Leg destroyed. 08741_ Scanalyzer disabled. 08741_ H-66 Slayer destroyed. 08746_ The unstable cave ceiling collapses. 08755_ Acquired Flexi-carbon Leg. 08761_ Acquired 9 matter. 08766_ The unstable cave ceiling collapses. 08768_ Acquired Gauss Rifle. 08771_ The unstable cave ceiling collapses. 08791_ K-01 Serf collects debris. 08797_ System corrupted: Matter fused (-1). 08837_ System corrupted: FCS attempts to trigger Gauss Cannon. 08870_ Kicked Y-54 Guardian out of the way. 08872_ Hrd. Medium Armor Plating destroyed. 08872_ Kicked Y-54 Guardian out of the way. 08874_ Slug penetrates Y-54 Guardian. 08880_ Kicked Y-54 Guardian out of the way. 08881_ Lgt. Deuterium Engine destroyed. 08882_ Kicked Y-54 Guardian. 08884_ Kicked Y-54 Guardian out of the way. Map ----- +----------------------------------------------------+ | ????????????????????????????? ??????????????????? | | ???????????????????????????? ??????????????????? | | ???????????????????????????? ?????????????????? | | ????????????????????????????# ????????????????## | | ????????????????????????????# ?????????????????# | | ????????????????????????????# ????????????????## | | ????????????????????????????# ???????###########+ | | ????????????????????????????# #???????# | | ??????????????????????????### ###?????# | | ??????????????" #######+## #?????# | | ??????????????" "" #?????# | | ??????????????" T #?????# | | ????????????? #?????# | | ????????????????????####### #?????# | | ??????????????????????????##^ ##?????# | | ???????????????????????###?# #??????# | | ????????????????? ????? ?# #??????# | | ????????????????? ?? ## #??????# | | ?????????????????? ## ##?????# | | ?????????????#??? # #################+ | | ?????????????# """ """ # A | | ?????????????# """ """ + | | ?????????????# """ """ # [ | | ?????????????# # ########### | | ?????????????# Y# #??######## | | ?????????????# !! @# """" #?## | | ?????????????# ! + """" #### | | ?????????? g ### """" # # = | | ??????????? ############ #?# #### ! | | ????????????????????????###?# % + " | | ????????????????????????????############### "F" | | ?????????????????????????????????????????## """ | | ?????????????????????????????????????????## | | ?????????????A????????????????????????????######## | | ?????????????????????????????????????????????????? | | ?????????????????????????????????????????????????? | | ?????????????????????????????????????????????????? | | ?????????????????????????????????????????????????? | | ?????????????????????????????????????????????????? | | ?????????????????????????????????????????????????? | | ?????????????????????????????????????????????????? | | ?????????????????????????????????????????????????? | | ?????????????????????????????????????????????????? | | ?????????????????????????????????????????????????? | | ?????????????????????????????????????????????????? | | ?????????????????????????????????????????????????? | | ?????????????????????????????????????????????????? | | ?????????????????????????????????????????????????? | | ?????????????????????????????????????????????????? | | ?????????????????????????????????????????????????? | +----------------------------------------------------+ Best States ------------- Heat Dissipation 64 Energy Generation 18 Energy Capacity 310 Matter Stores 300 Matter Capacity 300 Sight Range 16 Robot Scan Range 15 Terrain Scan Density 10 Jamming Range 12 Armor Coverage 300 Core Shielding 30 Weapon Cycling 15 Evasion (%) 50 Targeting Accuracy 8 Armor Integrity Analysis 30 Recoil Reduction 2 Kinecelleration 30 Item Schematics ----------------- None Robot Schematics ------------------ None Fabricated ------------ Adv. Cryofiber Web | x2 | -6/Factory | Preloaded Repaired ---------- Nothing Alien Tech Used ----------------- None Achievements -------------- None Challenges ------------ None Game ------ Seed CompanionReinforcedRay Manual? 0 Play Time 00:54:13 Cumulative 278.7 hours Start 2025.09.10 @ 19:20:55 End 2025.09.11 @ 13:46:05 Sessions 8 Manual Loads 0 Difficulty Rogue Special Mode None Game No. 402 Rogue 402 Adventurer 0 Explorer 0 Win Type - Total 7 Types 5/0/1/1/0/0/0/0/0/0 Lore% 83 Gallery% 79 Achievement% 62 Wizard Run 0 Options --------- Layout 0 ASCII 0 Keyboard 0 Movement Mouse Keybinds 0 Fullscreen 1 Font 24/Smallcaps Map View 76x50 Zoom Use 0% Tactical HUD 1 Map Filters NONE Filters NONE Steam 1 RUN: 46a03db3-4a32-41df-9e76-ddd470931257